NULL
Full Scoreboard »»

Lightning vs Blackhawks

Created - December 11, 2023 at 23:01

Goals
1 2 3 T
Lightning 2 1 2 5
Blackhawks 1 2 1 4
Shots
1 2 3 T
Lightning 12 8 15 35
Blackhawks 15 8 8 31

GoalsPenalties
1st period
1. Lightning , Logan Couture 7 (Adam Fox 12, Rafael Harvey-Pinard 4) at 2:17
2. Lightning , Logan Couture 8 (Adam Fox 13) at 10:47
3. Blackhawks , Mason Shaw 1 (Oliver Wahlstrom 2, Erik Brannstrom 3) at 16:44
Jake Gardiner (CHI) for Fighting (Major) at 17:00
Adam Fox (TBL) for Fighting (Major) at 17:00
Adam Fox (TBL) for instigated a fight (Minor) at 17:00
Adam Fox (TBL) for instigated and being the aggresor in a fight (20 Minutes Game Misconduct) at 17:00
2nd period
4. Blackhawks , Mason McTavish 3 (Artemi Panarin 5, Vincent Trocheck 4) at 0:10
5. Blackhawks , Ryan Hartman 4 (Jake Gardiner 9, Tom Wilson 1) at 16:45 (PP)
6. Lightning , Victor Hedman 3 (Logan Couture 11, Dalibor Dvorsky 3) at 17:23
Mason Shaw (CHI) for Charging (Minor) at 9:48
Ben Chiarot (TBL) for Hooking (Minor) at 15:25
Vincent Trocheck (CHI) for Fighting (Major) at 16:52
Jonathan Toews (TBL) for Fighting (Major) at 16:52
Jeff Carter (TBL) for Delaying the game (Minor) at 18:07
3rd period
7. Blackhawks , Vincent Trocheck 7 (Artemi Panarin 6, Keith Yandle 3) at 3:05
8. Lightning , Jakob Silfverberg 2 (Alex Chiasson 1, Vladislav Namestnikov 3) at 7:01
9. Lightning , Logan Couture 9 (Dalibor Dvorsky 4, Matt Grzelcyk 3) at 15:38 (PP)
Marcus Pettersson (CHI) for Fighting (Major) at 3:11
Jonathan Toews (TBL) for Fighting (Major) at 3:11
Alex Chiasson (TBL) for Tripping (Minor) at 13:03
Nick Jensen (CHI) for High sticking (Double Minor) at 13:06
Goalie Stats
Linus Ullmark (TBL), 27 saves from 31 shots - (0.871), W, 7-2-1, 60:00 minutes
Daniel Vladar (CHI), 30 saves from 35 shots - (0.857), L, 0-5-0, 59:35 minutes
3 StarsOfficial
1 - Logan Couture (TBL)
2 - Rafael Harvey-Pinard (TBL)
3 - Artemi Panarin (CHI)
Referees : Unknown
Linesman : Unknown
Game Note
Jake Gardiner and Adam Fox fight to a draw at 17:00 of 1st period
Adam Fox (TBL) for instigated and being the aggresor in a fight (20 Minutes Game Misconduct) at 17:00
Adam Fox ejected from game at 17:00 of 1st period
Jonathan Toews beats up Vincent Trocheck at 16:52 of 2nd period
Jonathan Toews beats up Marcus Pettersson at 3:11 of 3rd period
Logan Couture has scored a Hat Trick!
17:13 of 3rd period - Penalty Shot by Victor Hedman for Lightning - Stopped by Daniel Vladar



Team Name Goals Shots Shots Attemp Shots Blocked PIM HIT PP PK FO%
Lightning 535601943211 / 2 (50%)159%
Blackhawks 43168921231 / 5 (20%)141%

Lightning
Player Name POS G A P +/- PIM HIT SHT SB MP PP MP PP SHT PK MP PK SHT FO% FOT GA TA
Adam FoxD0222271305:530:0000:0000% 000
Alex ChiassonLW/RW0110205112:100:3610:4400% 010
Alex TuchLW/RW000-1011118:371:0202:38050% 410
Ben ChiarotD000-1201221:090:2701:5700% 010
Dalibor DvorskyC022-1002115:400:3600:09059% 1700
Erik CernakD0000040323:261:1503:2400% 000
Jakob SilfverbergC/LW/RW101000109:460:0000:0000% 000
Jeff CarterC/RW0002221213:020:0000:000100% 100
Jonathan ToewsC00001012114:500:5701:23050% 610
Logan CoutureC/LW3142006119:191:3812:38070% 2020
Luke SchennD000-1001022:230:5300:0000% 000
Martin NecasC/LW/RW000-1026017:521:0212:18060% 500
Matt GrzelcykD0112020021:591:5603:1700% 003
Rafael Harvey-PinardLW/RW0112041213:590:0000:5200% 211
Victor HedmanD1010014423:430:3902:0410% 000
Vladislav NamestnikovC/LW/RW011001019:400:0000:000100% 100
Warren FoegeleC/LW/RW0000011014:340:5700:0000% 100
William CarrierLW0000010014:340:5700:0000% 100
Blackhawks
Player Name POS G A P +/- PIM HIT SHT SB MP PP MP PP SHT PK MP PK SHT FO% FOT GA TA
Artemi PanarinLW/RW0222014119:022:1201:1000% 411
Colton SissonsC/RW000-2020016:393:0900:0300% 001
Erik BrannstromD0111001116:130:2900:0700% 000
Jake GardinerD011-2502119:521:5300:5300% 003
Keith YandleD0111010018:030:5200:0000% 000
Marcus PetterssonD0000520221:482:0701:4200% 001
Marian StudenicRW000000007:380:0000:0000% 000
Mason McTavishC1012012114:010:0000:23056% 1600
Mason ShawC/LW/RW101-1211014:540:1100:2300% 100
Mike HoffmanC/LW/RW000000209:520:5100:03050% 400
Nick JensenD000-2430020:172:0601:0600% 001
Oliver WahlstromRW011-1022014:410:2600:0000% 000
Parker KellyC/LW/RW000002007:380:0000:0000% 000
Pavel BuchnevichC/LW/RW000-2015018:512:1201:10035% 2310
Rasmus DahlinD0000002123:443:1401:2200% 020
Ryan HartmanC/LW/RW101-1016019:162:5820:59050% 800
Tom WilsonLW/RW011-2020116:252:5800:0000% 100
Vincent TrocheckC/LW/RW1122544116:301:0600:590100% 100

Lightning

5 vs 5 Forward
Line #Left WingCenterRight WingPHYDFOFWanted %Time %Time Play
1Alex TuchDalibor DvorskyMartin Necas1223026%12:51
2William CarrierJonathan ToewsWarren Foegele1223028%13:42
3Rafael Harvey-PinardLogan CoutureJeff Carter1223026%13:02
4Jakob SilfverbergVladislav NamestnikovAlex Chiasson1221020%9:41
5 vs 5 Defense
Line #DefenseDefensePHYDFOFWanted %Time %Time Play
1Victor HedmanErik Cernak1223531%15:19
2Adam FoxMatt Grzelcyk1223533%16:04
3Luke SchennBen Chiarot1223027%13:13
4Adam FoxVictor Hedman12209%4:40
Power Play Forward
Line #Left WingCenterRight WingPHYDFOFWanted %Time %Time Play
1Alex TuchLogan CoutureMartin Necas1225063%1:38
2William CarrierJonathan ToewsWarren Foegele1225037%0:57
Power Play Defense
Line #DefenseDefensePHYDFOFWanted %Time %Time Play
1Adam FoxMatt Grzelcyk1225052%1:20
2Erik CernakVictor Hedman1225048%1:15
Penalty Kill 4 Players Forward
Line #CenterWingPHYDFOFWanted %Time %Time Play
1Alex TuchLogan Couture1225049%2:38
2Martin NecasJonathan Toews1225051%2:43
Penalty Kill 4 Players Defense
Line #DefenseDefensePHYDFOFWanted %Time %Time Play
1Erik CernakVictor Hedman1225039%2:04
2Adam FoxMatt Grzelcyk1225061%3:17
Penalty Kill 3 Players
Line #WingPHYDFOFWanted %Time %Time PlayDefenseDefensePHYDFOFWanted %Time %Time Play
1Alex Tuch122500%0:00 Adam FoxVictor Hedman122500%0:00
2Logan Couture122500%0:00 Erik CernakMatt Grzelcyk122500%0:00
4 vs 4 Forward
Line #CenterWingPHYDFOFWanted %Time %Time Play
1Alex TuchLogan Couture1225057%1:06
2Martin NecasJonathan Toews1225043%0:50
4 vs 4 Defense
Line #DefensePHYDFOFWanted %Time %Time Play
1Adam FoxVictor Hedman1225063%50% - 1:13
2Erik CernakMatt Grzelcyk1225037%50% - 0:43
Last Minutes Offensive
Left WingCenterRight WingDefenseDefense
Alex TuchLogan CoutureMartin NecasAdam FoxVictor Hedman
Last Minutes Defensive
Left WingCenterRight WingDefenseDefense
Alex TuchLogan CoutureMartin NecasAdam FoxVictor Hedman
Time
Total ForwardTotal DefenseLast Minutes OffensiveLast Minutes Defensive
60:00 60:00 0:000:52
Extra Forwards
Normal PowerPlayPenalty Kill
Dalibor Dvorsky, Jeff Carter, Rafael Harvey-PinardDalibor Dvorsky, Jeff CarterRafael Harvey-Pinard
Extra Defensemen
Normal PowerPlayPenalty Kill
Luke Schenn, Ben Chiarot, Erik CernakLuke Schenn, Ben ChiarotErik Cernak
Penalty Shots
Alex Tuch, Logan Couture, Martin Necas, Jonathan Toews, Dalibor Dvorsky
Goalie
Linus Ullmark, Jack Campbell
Custom OT Lines Forwards
Alex Tuch, Logan Couture, Martin Necas, Jonathan Toews, Dalibor Dvorsky, William Carrier, Warren Foegele, Jeff Carter, Rafael Harvey-Pinard, Vladislav Namestnikov
Custom OT Lines Defensemen
Adam Fox, Victor Hedman, Erik Cernak, Matt Grzelcyk, Luke Schenn
Scratches
Casey Cizikas (Healthy), Duncan Keith (Sports Hernia Injury)

Blackhawks

5 vs 5 Forward
Line #Left WingCenterRight WingPHYDFOFWanted %Time %Time Play
1Artemi PanarinMason McTavishVincent Trocheck1223028%13:50
2Tom WilsonPavel BuchnevichColton Sissons1223028%13:33
3Mason ShawRyan HartmanOliver Wahlstrom1223029%14:15
4Parker KellyMike HoffmanMarian Studenic1221015%7:38
5 vs 5 Defense
Line #DefenseDefensePHYDFOFWanted %Time %Time Play
1Rasmus DahlinMarcus Pettersson1223536%17:34
2Jake GardinerNick Jensen1223534%16:59
3Keith YandleErik Brannstrom1223030%14:43
4Rasmus DahlinMarcus Pettersson12200%0:00
Power Play Forward
Line #Left WingCenterRight WingPHYDFOFWanted %Time %Time Play
1Artemi PanarinPavel BuchnevichVincent Trocheck1225045%2:23
2Tom WilsonRyan HartmanColton Sissons1225055%2:58
Power Play Defense
Line #DefenseDefensePHYDFOFWanted %Time %Time Play
1Rasmus DahlinJake Gardiner1225060%3:14
2Marcus PetterssonNick Jensen1225040%2:07
Penalty Kill 4 Players Forward
Line #CenterWingPHYDFOFWanted %Time %Time Play
1Artemi PanarinPavel Buchnevich1225050%1:17
2Vincent TrocheckRyan Hartman1225050%1:18
Penalty Kill 4 Players Defense
Line #DefenseDefensePHYDFOFWanted %Time %Time Play
1Nick JensenMarcus Pettersson1225066%1:42
2Jake GardinerRasmus Dahlin1225034%0:53
Penalty Kill 3 Players
Line #WingPHYDFOFWanted %Time %Time PlayDefenseDefensePHYDFOFWanted %Time %Time Play
1Artemi Panarin122500%0:00 Rasmus DahlinMarcus Pettersson122500%0:00
2Pavel Buchnevich122500%0:00 Jake GardinerNick Jensen122500%0:00
4 vs 4 Forward
Line #CenterWingPHYDFOFWanted %Time %Time Play
1Artemi PanarinPavel Buchnevich1225050%0:58
2Vincent TrocheckRyan Hartman1225050%0:58
4 vs 4 Defense
Line #DefensePHYDFOFWanted %Time %Time Play
1Rasmus DahlinMarcus Pettersson1225041%50% - 0:48
2Jake GardinerNick Jensen1225059%50% - 1:08
Last Minutes Offensive
Left WingCenterRight WingDefenseDefense
Artemi PanarinPavel BuchnevichVincent TrocheckRasmus DahlinMarcus Pettersson
Last Minutes Defensive
Left WingCenterRight WingDefenseDefense
Artemi PanarinPavel BuchnevichVincent TrocheckRasmus DahlinMarcus Pettersson
Time
Total ForwardTotal DefenseLast Minutes OffensiveLast Minutes Defensive
60:00 60:00 0:520:00
Extra Forwards
Normal PowerPlayPenalty Kill
Mike Hoffman, Oliver Wahlstrom, Mason McTavishMike Hoffman, Oliver WahlstromMason McTavish
Extra Defensemen
Normal PowerPlayPenalty Kill
Keith Yandle, Erik Brannstrom, Jake GardinerKeith Yandle, Erik BrannstromJake Gardiner
Penalty Shots
Artemi Panarin, Pavel Buchnevich, Vincent Trocheck, Ryan Hartman, Tom Wilson
Goalie
Daniel Vladar, Pyotr Kochetkov
Custom OT Lines Forwards
Artemi Panarin, Pavel Buchnevich, Vincent Trocheck, Ryan Hartman, Tom Wilson, Colton Sissons, Mike Hoffman, , Mason McTavish, Mason Shaw
Custom OT Lines Defensemen
Rasmus Dahlin, Marcus Pettersson, Jake Gardiner, Nick Jensen, Keith Yandle
Scratches
Alexander Ljungkrantz (Healthy), Artem Grushnikov (Healthy)


Play-by-Play

1st period


0:01 of 1st period - Dalibor Dvorsky wins face-off versus Mason McTavish in neutral zone.
0:04 of 1st period - Snap shot by Martin Necas.
0:04 of 1st period - Shot Misses the Net.
0:44 of 1st period - Icing by Jonathan Toews.
0:45 of 1st period - Ryan Hartman wins face-off versus Warren Foegele in Lightning zone.
0:46 of 1st period - Slapshot by Jake Gardiner.
0:46 of 1st period - Shot Blocked by Victor Hedman.
1:49 of 1st period - Slapshot by Jake Gardiner.
1:49 of 1st period - Stopped by Linus Ullmark with a rebound.
2:03 of 1st period - Wrist shot by Ryan Hartman.
2:03 of 1st period - Stopped by Linus Ullmark without a rebound.
2:04 of 1st period - Logan Couture wins face-off versus Pavel Buchnevich in Lightning zone.
2:17 of 1st period - Wrist shot by Logan Couture.
2:17 of 1st period - Goal by Logan Couture - Lightning : 1 - Blackhawks : 0.
2:18 of 1st period - Logan Couture wins face-off versus Mason McTavish in neutral zone.
2:29 of 1st period - Wrist shot by Artemi Panarin.
2:29 of 1st period - Stopped by Linus Ullmark without a rebound.
2:30 of 1st period - Mike Hoffman wins face-off versus Dalibor Dvorsky in Lightning zone.
2:41 of 1st period - Keith Yandle is hit by Alex Tuch and loses puck.
2:56 of 1st period - Erik Brannstrom is hit by Jeff Carter and loses puck.
3:05 of 1st period - Backhand shot by Pavel Buchnevich.
3:05 of 1st period - Stopped by Linus Ullmark with a rebound.
4:05 of 1st period - Slapshot by Martin Necas.
4:05 of 1st period - Stopped by Daniel Vladar with a rebound.
4:21 of 1st period - Slapshot by Jake Gardiner.
4:21 of 1st period - Stopped by Linus Ullmark with a rebound.
5:12 of 1st period - Slapshot by Ryan Hartman.
5:12 of 1st period - Stopped by Linus Ullmark with a rebound.
5:30 of 1st period - Snap shot by Martin Necas.
5:30 of 1st period - Stopped by Daniel Vladar without a rebound.
5:31 of 1st period - Logan Couture wins face-off versus Pavel Buchnevich in Blackhawks zone.
5:36 of 1st period - Slapshot by Adam Fox.
5:36 of 1st period - Shot Blocked by Erik Brannstrom.
5:38 of 1st period - Snap shot by Logan Couture.
5:38 of 1st period - Stopped by Daniel Vladar with a rebound.
5:44 of 1st period - Snap shot by Logan Couture.
5:44 of 1st period - Deflect By Rafael Harvey-Pinard.
5:44 of 1st period - Stopped by Daniel Vladar with a rebound.
5:56 of 1st period - Martin Necas is hit by Mason McTavish and loses puck.
6:15 of 1st period - Erik Brannstrom is hit by Erik Cernak and loses puck.
6:24 of 1st period - Snap shot by Oliver Wahlstrom.
6:24 of 1st period - Stopped by Linus Ullmark with a rebound.
7:01 of 1st period - Pavel Buchnevich is hit by Martin Necas and loses puck.
8:04 of 1st period - Off-side.
8:05 of 1st period - Pavel Buchnevich wins face-off versus Logan Couture in neutral zone.
8:10 of 1st period - Wrist shot by Pavel Buchnevich.
8:10 of 1st period - Stopped by Linus Ullmark without a rebound.
8:11 of 1st period - Logan Couture wins face-off versus Pavel Buchnevich in Lightning zone.
8:18 of 1st period - Snap shot by Rafael Harvey-Pinard.
8:18 of 1st period - Shot Blocked by Tom Wilson.
8:38 of 1st period - Dalibor Dvorsky is hit by Keith Yandle.
8:44 of 1st period - Wrist shot by Martin Necas.
8:44 of 1st period - Stopped by Daniel Vladar without a rebound.
8:45 of 1st period - Mason McTavish wins face-off versus Rafael Harvey-Pinard in Blackhawks zone.
9:15 of 1st period - Pavel Buchnevich is hit by Matt Grzelcyk.
9:33 of 1st period - Slapshot by Adam Fox.
9:33 of 1st period - Shot Blocked by Marcus Pettersson.
9:55 of 1st period - Wrist shot by Mike Hoffman.
9:55 of 1st period - Stopped by Linus Ullmark without a rebound.
9:56 of 1st period - Dalibor Dvorsky wins face-off versus Mason McTavish in Lightning zone.
10:21 of 1st period - Wrist shot by Ryan Hartman.
10:21 of 1st period - Shot Blocked by Alex Tuch.
10:41 of 1st period - Icing by Nick Jensen.
10:42 of 1st period - Logan Couture wins face-off versus Mason Shaw in Blackhawks zone.
10:42 of 1st period - Adam Fox is hit by Nick Jensen and loses puck.
10:47 of 1st period - Snap shot by Logan Couture.
10:47 of 1st period - Goal by Logan Couture - Lightning : 2 - Blackhawks : 0.
10:48 of 1st period - Logan Couture wins face-off versus Pavel Buchnevich in neutral zone.
10:51 of 1st period - Colton Sissons is hit by Matt Grzelcyk and loses puck.
10:58 of 1st period - Slapshot by Adam Fox.
10:58 of 1st period - Shot Misses the Net.
11:00 of 1st period - Snap shot by Rafael Harvey-Pinard.
11:00 of 1st period - Shot Misses the Net.
11:19 of 1st period - Snap shot by Vincent Trocheck.
11:19 of 1st period - Stopped by Linus Ullmark with a rebound.
11:21 of 1st period - Snap shot by Vincent Trocheck.
11:21 of 1st period - Shot Blocked by Ben Chiarot.
11:23 of 1st period - Snap shot by Mason McTavish.
11:23 of 1st period - Stopped by Linus Ullmark without a rebound.
11:24 of 1st period - Ryan Hartman wins face-off versus Rafael Harvey-Pinard in Lightning zone.
11:38 of 1st period - Snap shot by Nick Jensen.
11:38 of 1st period - Shot Misses the Net.
11:40 of 1st period - Slapshot by Nick Jensen.
11:40 of 1st period - Shot Blocked by Jeff Carter.
11:56 of 1st period - Slapshot by Martin Necas.
11:56 of 1st period - Stopped by Daniel Vladar without a rebound.
11:57 of 1st period - Mason McTavish wins face-off versus Jonathan Toews in Blackhawks zone.
11:57 of 1st period - Mason McTavish is hit by Adam Fox.
12:11 of 1st period - Wrist shot by Vincent Trocheck.
12:11 of 1st period - Stopped by Linus Ullmark without a rebound.
12:12 of 1st period - Logan Couture wins face-off versus Pavel Buchnevich in Lightning zone.
12:27 of 1st period - Snap shot by Adam Fox.
12:27 of 1st period - Stopped by Daniel Vladar without a rebound.
12:28 of 1st period - Mason McTavish wins face-off versus Dalibor Dvorsky in Blackhawks zone.
13:26 of 1st period - Slapshot by Rasmus Dahlin.
13:26 of 1st period - Shot Misses the Net.
13:38 of 1st period - Wrist shot by Alex Chiasson.
13:38 of 1st period - Shot Misses the Net.
14:06 of 1st period - Slapshot by Ryan Hartman.
14:06 of 1st period - Stopped by Linus Ullmark with a rebound.
15:14 of 1st period - Jakob Silfverberg is hit by Parker Kelly and loses puck.
15:47 of 1st period - Slapshot by Adam Fox.
15:47 of 1st period - Stopped by Daniel Vladar without a rebound.
15:48 of 1st period - Logan Couture wins face-off versus Pavel Buchnevich in Blackhawks zone.
16:15 of 1st period - Slapshot by Adam Fox.
16:15 of 1st period - Stopped by Daniel Vladar with a rebound.
16:33 of 1st period - Dalibor Dvorsky is hit by Oliver Wahlstrom and loses puck.
16:38 of 1st period - Snap shot by Oliver Wahlstrom.
16:38 of 1st period - Shot Misses the Net.
16:40 of 1st period - Slapshot by Erik Brannstrom.
16:40 of 1st period - Stopped by Linus Ullmark with a rebound.
16:42 of 1st period - Snap shot by Oliver Wahlstrom.
16:42 of 1st period - Shot Misses the Net.
16:44 of 1st period - Snap shot by Mason Shaw.
16:44 of 1st period - Goal by Mason Shaw - Lightning : 2 - Blackhawks : 1.
16:45 of 1st period - Jonathan Toews wins face-off versus Tom Wilson in neutral zone.
16:50 of 1st period - Pavel Buchnevich is hit by Warren Foegele and loses puck.
17:00 of 1st period - Jake Gardiner and Adam Fox fight to a draw.
17:00 of 1st period - Penalty to Jake Gardiner for Fighting.
17:00 of 1st period - Penalty to Adam Fox for Fighting.
17:00 of 1st period - Penalty to Adam Fox for instigated a fight.
17:00 of 1st period - Penalty to Adam Fox for instigated and being the aggresor in a fight.
17:00 of 1st period - Adam Fox is ejected from game.
17:01 of 1st period - Alex Tuch wins face-off versus Pavel Buchnevich in Blackhawks zone.
17:04 of 1st period - Wrist shot by Alex Tuch.
17:04 of 1st period - Shot Blocked by Vincent Trocheck.
19:00 of 1st period - Penalty to Adam Fox is over, Jakob Silfverberg is send on ice.
19:25 of 1st period - Icing by Vladislav Namestnikov.
19:26 of 1st period - Ryan Hartman wins face-off versus Jonathan Toews in Lightning zone.
19:33 of 1st period - Snap shot by Oliver Wahlstrom.
19:33 of 1st period - Deflect By Ryan Hartman.
19:33 of 1st period - Shot Misses the Net.
19:33 of 1st period - Puck is out of play.
19:34 of 1st period - Pavel Buchnevich wins face-off versus Logan Couture in Lightning zone.
19:35 of 1st period - Wrist shot by Tom Wilson.
19:35 of 1st period - Shot Misses the Net.
19:45 of 1st period - Wrist shot by Rafael Harvey-Pinard.
19:45 of 1st period - Shot Misses the Net.
19:47 of 1st period - Wrist shot by Jeff Carter.
19:47 of 1st period - Stopped by Daniel Vladar without a rebound.
19:48 of 1st period - Dalibor Dvorsky wins face-off versus Mason McTavish in Blackhawks zone.
Goals for this period are 2 for Lightning vs 1 for Blackhawks.
Shots for this period are 12 for Lightning vs 15 for Blackhawks.

2nd period


0:01 of 2nd period - Mason McTavish wins face-off versus Logan Couture in neutral zone.
0:08 of 2nd period - Snap shot by Artemi Panarin.
0:08 of 2nd period - Shot Blocked by Rafael Harvey-Pinard.
0:10 of 2nd period - Snap shot by Mason McTavish.
0:10 of 2nd period - Goal by Mason McTavish - Lightning : 2 - Blackhawks : 2.
0:11 of 2nd period - Mason McTavish wins face-off versus Dalibor Dvorsky in neutral zone.
0:36 of 2nd period - Marcus Pettersson is hit by Rafael Harvey-Pinard and loses puck.
0:45 of 2nd period - Slapshot by Rasmus Dahlin.
0:45 of 2nd period - Stopped by Linus Ullmark with a rebound.
1:27 of 2nd period - Backhand shot by Alex Chiasson.
1:27 of 2nd period - Shot Misses the Net.
1:29 of 2nd period - Wrist shot by Alex Chiasson.
1:29 of 2nd period - Stopped by Daniel Vladar without a rebound.
1:30 of 2nd period - Dalibor Dvorsky wins face-off versus Mason McTavish in Blackhawks zone.
1:36 of 2nd period - Off-side.
1:37 of 2nd period - Mason McTavish wins face-off versus Dalibor Dvorsky in neutral zone.
2:01 of 2nd period - Alex Tuch is hit by Vincent Trocheck and loses puck.
2:22 of 2nd period - Wrist shot by Vincent Trocheck.
2:22 of 2nd period - Stopped by Linus Ullmark without a rebound.
2:23 of 2nd period - Pavel Buchnevich wins face-off versus Logan Couture in Lightning zone.
2:53 of 2nd period - Wrist shot by Ryan Hartman.
2:53 of 2nd period - Shot Blocked by Erik Cernak.
3:09 of 2nd period - Wrist shot by Mike Hoffman.
3:09 of 2nd period - Shot Blocked by Ben Chiarot.
4:27 of 2nd period - Snap shot by Alex Chiasson.
4:27 of 2nd period - Stopped by Daniel Vladar with a rebound.
5:09 of 2nd period - Snap shot by Pavel Buchnevich.
5:09 of 2nd period - Shot Blocked by Dalibor Dvorsky.
5:11 of 2nd period - Slapshot by Marcus Pettersson.
5:11 of 2nd period - Shot Blocked by Victor Hedman.
5:31 of 2nd period - Warren Foegele is hit by Parker Kelly and loses puck.
6:15 of 2nd period - Jeff Carter is hit by Tom Wilson and loses puck.
7:08 of 2nd period - Vincent Trocheck is hit by Rafael Harvey-Pinard and loses puck.
8:25 of 2nd period - Marcus Pettersson is hit by Rafael Harvey-Pinard and loses puck.
8:32 of 2nd period - Wrist shot by Jeff Carter.
8:32 of 2nd period - Shot Blocked by Rasmus Dahlin.
8:34 of 2nd period - Snap shot by Logan Couture.
8:34 of 2nd period - Stopped by Daniel Vladar with a rebound.
8:43 of 2nd period - Icing by Marcus Pettersson.
8:44 of 2nd period - Dalibor Dvorsky wins face-off versus Mike Hoffman in Blackhawks zone.
9:10 of 2nd period - Slapshot by Jake Gardiner.
9:10 of 2nd period - Shot Blocked by Jeff Carter.
9:12 of 2nd period - Snap shot by Pavel Buchnevich.
9:12 of 2nd period - Stopped by Linus Ullmark with a rebound.
9:14 of 2nd period - Wrist shot by Pavel Buchnevich.
9:14 of 2nd period - Stopped by Linus Ullmark with a rebound.
9:16 of 2nd period - Slapshot by Pavel Buchnevich.
9:16 of 2nd period - Shot Misses the Net.
9:20 of 2nd period - Wrist shot by Pavel Buchnevich.
9:20 of 2nd period - Shot Blocked by Victor Hedman.
9:22 of 2nd period - Snap shot by Tom Wilson.
9:22 of 2nd period - Shot Blocked by Erik Cernak.
9:48 of 2nd period - Minor Penalty to Mason Shaw for Charging.
9:49 of 2nd period - Logan Couture wins face-off versus Artemi Panarin in Blackhawks zone.
9:52 of 2nd period - Backhand shot by Martin Necas.
9:52 of 2nd period - Stopped by Daniel Vladar without a rebound.
9:53 of 2nd period - Martin Necas wins face-off versus Artemi Panarin in Blackhawks zone.
11:06 of 2nd period - Pavel Buchnevich is hit by William Carrier and loses puck.
11:48 of 2nd period - Penalty to Mason Shaw is over, Mason Shaw is back on ice.
11:53 of 2nd period - Slapshot by Victor Hedman.
11:53 of 2nd period - Stopped by Daniel Vladar without a rebound.
11:54 of 2nd period - Vladislav Namestnikov wins face-off versus Mike Hoffman in Blackhawks zone.
11:55 of 2nd period - Snap shot by Alex Chiasson.
11:55 of 2nd period - Shot Hit the Post.
12:00 of 2nd period - 10 Minutes Misconduct Penalty to Adam Fox is over.
12:28 of 2nd period - Wrist shot by Rafael Harvey-Pinard.
12:28 of 2nd period - Shot Misses the Net.
12:54 of 2nd period - Slapshot by Jonathan Toews.
12:54 of 2nd period - Shot Misses the Net.
13:08 of 2nd period - Vladislav Namestnikov is hit by Nick Jensen and loses puck.
13:15 of 2nd period - Nick Jensen is hit by Erik Cernak and loses puck.
13:32 of 2nd period - Wrist shot by Ryan Hartman.
13:32 of 2nd period - Shot Misses the Net.
13:44 of 2nd period - Marcus Pettersson is hit by Martin Necas and loses puck.
14:21 of 2nd period - Jakob Silfverberg is hit by Oliver Wahlstrom and loses puck.
14:49 of 2nd period - Wrist shot by Erik Brannstrom.
14:49 of 2nd period - Shot Blocked by Rafael Harvey-Pinard.
14:59 of 2nd period - Dalibor Dvorsky is hit by Pavel Buchnevich and loses puck.
15:25 of 2nd period - Minor Penalty to Ben Chiarot for Hooking.
15:26 of 2nd period - Ryan Hartman wins face-off versus Martin Necas in Lightning zone.
15:27 of 2nd period - Wrist shot by Tom Wilson.
15:27 of 2nd period - Shot Misses the Net.
15:29 of 2nd period - Slapshot by Tom Wilson.
15:29 of 2nd period - Shot Misses the Net.
15:31 of 2nd period - Slapshot by Marcus Pettersson.
15:31 of 2nd period - Shot Misses the Net.
15:33 of 2nd period - Wrist shot by Colton Sissons.
15:33 of 2nd period - Shot Blocked by Erik Cernak.
15:35 of 2nd period - Wrist shot by Ryan Hartman.
15:35 of 2nd period - Stopped by Linus Ullmark without a rebound.
15:36 of 2nd period - Martin Necas wins face-off versus Ryan Hartman in Lightning zone.
16:33 of 2nd period - Slapshot by Rasmus Dahlin.
16:33 of 2nd period - Shot Blocked by Logan Couture.
16:35 of 2nd period - Snap shot by Colton Sissons.
16:35 of 2nd period - Shot Misses the Net.
16:43 of 2nd period - Wrist shot by Tom Wilson.
16:43 of 2nd period - Shot Misses the Net.
16:45 of 2nd period - Slapshot by Jake Gardiner.
16:45 of 2nd period - Deflect By Ryan Hartman.
16:45 of 2nd period - Goal by Ryan Hartman - Lightning : 2 - Blackhawks : 3.
16:46 of 2nd period - Mason McTavish wins face-off versus Jonathan Toews in neutral zone.
16:52 of 2nd period - Jonathan Toews beats up Vincent Trocheck.
16:52 of 2nd period - Penalty to Vincent Trocheck for Fighting.
16:52 of 2nd period - Penalty to Jonathan Toews for Fighting.
16:53 of 2nd period - Dalibor Dvorsky wins face-off versus Ryan Hartman in Lightning zone.
16:53 of 2nd period - Dalibor Dvorsky is hit by Marcus Pettersson.
17:07 of 2nd period - Snap shot by Dalibor Dvorsky.
17:07 of 2nd period - Shot Misses the Net.
17:23 of 2nd period - Slapshot by Victor Hedman.
17:23 of 2nd period - Goal by Victor Hedman - Lightning : 3 - Blackhawks : 3.
17:24 of 2nd period - Dalibor Dvorsky wins face-off versus Mason McTavish in neutral zone.
17:27 of 2nd period - Wrist shot by Alex Tuch.
17:27 of 2nd period - Stopped by Daniel Vladar with a rebound.
17:33 of 2nd period - Snap shot by Mike Hoffman.
17:33 of 2nd period - Stopped by Linus Ullmark without a rebound.
17:34 of 2nd period - Mason McTavish wins face-off versus Dalibor Dvorsky in Lightning zone.
17:53 of 2nd period - Backhand shot by Mason McTavish.
17:53 of 2nd period - Deflect By Mike Hoffman.
17:53 of 2nd period - Shot Hit the Post.
17:53 of 2nd period - Puck is out of play.
17:54 of 2nd period - Jeff Carter wins face-off versus Pavel Buchnevich in Lightning zone.
17:54 of 2nd period - Jeff Carter is hit by Colton Sissons.
18:07 of 2nd period - Minor Penalty to Jeff Carter for Delaying the game.
18:08 of 2nd period - Pavel Buchnevich wins face-off versus Martin Necas in Lightning zone.
18:14 of 2nd period - Wrist shot by Artemi Panarin.
18:14 of 2nd period - Shot Misses the Net.
18:16 of 2nd period - Wrist shot by Marcus Pettersson.
18:16 of 2nd period - Shot Blocked by Victor Hedman.
19:18 of 2nd period - Snap shot by Victor Hedman.
19:18 of 2nd period - Stopped by Daniel Vladar with a rebound.
Goals for this period are 1 for Lightning vs 2 for Blackhawks.
Shots for this period are 8 for Lightning vs 8 for Blackhawks.

3rd period


0:01 of 3rd period - Pavel Buchnevich wins face-off versus Alex Tuch in neutral zone.
0:07 of 3rd period - Penalty to Jeff Carter is over, Jeff Carter is back on ice.
1:32 of 3rd period - Icing by Luke Schenn.
1:33 of 3rd period - Mike Hoffman wins face-off versus Dalibor Dvorsky in Lightning zone.
1:50 of 3rd period - Luke Schenn is hit by Artemi Panarin and loses puck.
2:05 of 3rd period - Snap shot by Martin Necas.
2:05 of 3rd period - Shot Misses the Net.
2:29 of 3rd period - Snap shot by Pavel Buchnevich.
2:29 of 3rd period - Shot Blocked by Jonathan Toews.
3:03 of 3rd period - Snap shot by Artemi Panarin.
3:03 of 3rd period - Stopped by Linus Ullmark with a rebound.
3:05 of 3rd period - Snap shot by Vincent Trocheck.
3:05 of 3rd period - Goal by Vincent Trocheck - Lightning : 3 - Blackhawks : 4.
3:06 of 3rd period - Pavel Buchnevich wins face-off versus William Carrier in neutral zone.
3:06 of 3rd period - Pavel Buchnevich is hit by Jonathan Toews.
3:10 of 3rd period - Slapshot by Rasmus Dahlin.
3:10 of 3rd period - Stopped by Linus Ullmark with a rebound.
3:11 of 3rd period - Jonathan Toews beats up Marcus Pettersson.
3:11 of 3rd period - Penalty to Marcus Pettersson for Fighting.
3:11 of 3rd period - Penalty to Jonathan Toews for Fighting.
3:12 of 3rd period - Dalibor Dvorsky wins face-off versus Ryan Hartman in Lightning zone.
3:37 of 3rd period - Keith Yandle is hit by Erik Cernak and loses puck.
3:50 of 3rd period - Wrist shot by Ryan Hartman.
3:50 of 3rd period - Stopped by Linus Ullmark with a rebound.
3:52 of 3rd period - Slapshot by Keith Yandle.
3:52 of 3rd period - Shot Blocked by Alex Chiasson.
3:54 of 3rd period - Snap shot by Mason Shaw.
3:54 of 3rd period - Deflect By Oliver Wahlstrom.
3:54 of 3rd period - Stopped by Linus Ullmark without a rebound.
3:55 of 3rd period - Logan Couture wins face-off versus Pavel Buchnevich in Lightning zone.
4:23 of 3rd period - Snap shot by Dalibor Dvorsky.
4:23 of 3rd period - Shot Blocked by Jake Gardiner.
4:25 of 3rd period - Snap shot by Dalibor Dvorsky.
4:25 of 3rd period - Stopped by Daniel Vladar with a rebound.
4:27 of 3rd period - Slapshot by Luke Schenn.
4:27 of 3rd period - Stopped by Daniel Vladar without a rebound.
4:28 of 3rd period - Vincent Trocheck wins face-off versus Dalibor Dvorsky in Blackhawks zone.
4:53 of 3rd period - Pavel Buchnevich is hit by Jeff Carter and loses puck.
5:00 of 3rd period - Jeff Carter is hit by Tom Wilson and loses puck.
5:19 of 3rd period - Backhand shot by Ryan Hartman.
5:19 of 3rd period - Shot Blocked by Vladislav Namestnikov.
5:25 of 3rd period - Victor Hedman is hit by Mason Shaw and loses puck.
5:32 of 3rd period - Oliver Wahlstrom is hit by Vladislav Namestnikov and loses puck.
6:04 of 3rd period - Vladislav Namestnikov is hit by Ryan Hartman and loses puck.
6:29 of 3rd period - Wrist shot by Ryan Hartman.
6:29 of 3rd period - Shot Misses the Net.
6:55 of 3rd period - Slapshot by Vladislav Namestnikov.
6:55 of 3rd period - Shot Misses the Net.
6:57 of 3rd period - Snap shot by Alex Chiasson.
6:57 of 3rd period - Stopped by Daniel Vladar with a rebound.
6:59 of 3rd period - Slapshot by Alex Chiasson.
6:59 of 3rd period - Stopped by Daniel Vladar with a rebound.
7:01 of 3rd period - Snap shot by Jakob Silfverberg.
7:01 of 3rd period - Goal by Jakob Silfverberg - Lightning : 4 - Blackhawks : 4.
7:02 of 3rd period - Martin Necas wins face-off versus Pavel Buchnevich in neutral zone.
7:11 of 3rd period - Wrist shot by Martin Necas.
7:11 of 3rd period - Stopped by Daniel Vladar without a rebound.
7:12 of 3rd period - Dalibor Dvorsky wins face-off versus Pavel Buchnevich in Blackhawks zone.
7:27 of 3rd period - Slapshot by Alex Tuch.
7:27 of 3rd period - Deflect By Dalibor Dvorsky.
7:27 of 3rd period - Stopped by Daniel Vladar without a rebound.
7:28 of 3rd period - Logan Couture wins face-off versus Artemi Panarin in Blackhawks zone.
7:38 of 3rd period - Jake Gardiner is hit by Erik Cernak and loses puck.
7:53 of 3rd period - Victor Hedman is hit by Colton Sissons.
7:58 of 3rd period - Erik Cernak is hit by Nick Jensen and loses puck.
8:35 of 3rd period - Wrist shot by Artemi Panarin.
8:35 of 3rd period - Stopped by Linus Ullmark with a rebound.
8:55 of 3rd period - Jonathan Toews is hit by Marcus Pettersson.
9:55 of 3rd period - Wrist shot by Logan Couture.
9:55 of 3rd period - Shot Misses the Net.
9:57 of 3rd period - Slapshot by Victor Hedman.
9:57 of 3rd period - Stopped by Daniel Vladar without a rebound.
9:58 of 3rd period - Pavel Buchnevich wins face-off versus Logan Couture in Blackhawks zone.
10:59 of 3rd period - Pavel Buchnevich is hit by Victor Hedman and loses puck.
11:04 of 3rd period - Snap shot by Logan Couture.
11:04 of 3rd period - Stopped by Daniel Vladar without a rebound.
11:05 of 3rd period - Dalibor Dvorsky wins face-off versus Mason McTavish in Blackhawks zone.
13:03 of 3rd period - Minor Penalty to Alex Chiasson for Tripping.
13:04 of 3rd period - Pavel Buchnevich wins face-off versus Alex Tuch in Lightning zone.
13:04 of 3rd period - Snap shot by Artemi Panarin.
13:04 of 3rd period - Shot Misses the Net.
13:06 of 3rd period - Double Minor Penalty to Nick Jensen for High sticking.
13:07 of 3rd period - Alex Tuch wins face-off versus Artemi Panarin in Blackhawks zone.
13:12 of 3rd period - Snap shot by Alex Tuch.
13:12 of 3rd period - Shot Blocked by Marcus Pettersson.
14:59 of 3rd period - Logan Couture is hit by Vincent Trocheck and loses puck.
15:03 of 3rd period - Penalty to Alex Chiasson is over, Alex Chiasson is back on ice.
15:24 of 3rd period - Wrist shot by Erik Cernak.
15:24 of 3rd period - Deflect By Alex Chiasson.
15:24 of 3rd period - Stopped by Daniel Vladar with a rebound.
15:38 of 3rd period - Wrist shot by Logan Couture.
15:38 of 3rd period - Goal by Logan Couture - Lightning : 5 - Blackhawks : 4.
15:39 of 3rd period - Jonathan Toews wins face-off versus Ryan Hartman in neutral zone.
15:52 of 3rd period - Wrist shot by Warren Foegele.
15:52 of 3rd period - Shot Misses the Net.
15:54 of 3rd period - Slapshot by Ben Chiarot.
15:54 of 3rd period - Stopped by Daniel Vladar with a rebound.
16:04 of 3rd period - Alex Tuch is hit by Vincent Trocheck and loses puck.
17:13 of 3rd period - Penalty Shot by Victor Hedman for Lightning.
17:13 of 3rd period - Wrist shot by Victor Hedman.
17:13 of 3rd period - Stopped by Daniel Vladar.
17:14 of 3rd period - Mason McTavish wins face-off versus Logan Couture in Lightning zone.
17:31 of 3rd period - Erik Brannstrom is hit by Rafael Harvey-Pinard and loses puck.
18:06 of 3rd period - Snap shot by Tom Wilson.
18:06 of 3rd period - Shot Misses the Net.
18:08 of 3rd period - Snap shot by Pavel Buchnevich.
18:08 of 3rd period - Stopped by Linus Ullmark without a rebound.
18:09 of 3rd period - Jonathan Toews wins face-off versus Pavel Buchnevich in Lightning zone.
18:34 of 3rd period - William Carrier is hit by Vincent Trocheck and loses puck.
18:59 of 3rd period - Wrist shot by Jonathan Toews.
18:59 of 3rd period - Stopped by Daniel Vladar with a rebound.
19:01 of 3rd period - Snap shot by William Carrier.
19:01 of 3rd period - Shot Blocked by Mason McTavish.
19:03 of 3rd period - Snap shot by Warren Foegele.
19:03 of 3rd period - Stopped by Daniel Vladar with a rebound.
19:05 of 3rd period - Snap shot by Warren Foegele.
19:05 of 3rd period - Shot Misses the Net.
19:07 of 3rd period - Snap shot by Jonathan Toews.
19:07 of 3rd period - Stopped by Daniel Vladar without a rebound.
19:08 of 3rd period - call a timeout for Blackhawks.
19:08 of 3rd period - Logan Couture wins face-off versus Pavel Buchnevich in Blackhawks zone.
19:13 of 3rd period - Slapshot by Alex Tuch.
19:13 of 3rd period - Shot Misses the Net.
19:19 of 3rd period - Blackhawks, Daniel Vladar is pulled from the net.
19:25 of 3rd period - Snap shot by Artemi Panarin.
19:25 of 3rd period - Stopped by Linus Ullmark without a rebound.
19:26 of 3rd period - Logan Couture wins face-off versus Pavel Buchnevich in Lightning zone.
19:42 of 3rd period - Snap shot by Alex Tuch.
19:42 of 3rd period - Deflect By Martin Necas.
19:42 of 3rd period - Shot Blocked by Artemi Panarin.
19:42 of 3rd period - Puck is out of play.
19:43 of 3rd period - Daniel Vladar from Blackhawks was sent back in the game.
19:43 of 3rd period - Logan Couture wins face-off versus Pavel Buchnevich in Blackhawks zone.
19:59 of 3rd period - Blackhawks, Daniel Vladar is pulled from the net.
Goals for this period are 2 for Lightning vs 1 for Blackhawks.
Shots for this period are 15 for Lightning vs 8 for Blackhawks.